 Dungeon Crawl Stone Soup version 0.27-a0-333-gfa571bf19a (webtiles) character file.

Game seed: 5139281489084614480

415 Aneyh the Ducker (level 6, 0/61 HPs)
             Began as a Troll Fighter on Feb 13, 2021.
             Slain by a phantom (7 damage)
             ... on level 4 of the Dungeon.
             The game lasted 00:07:58 (3223 turns).

Aneyh the Ducker (Troll Fighter)                    Turns: 3223, Time: 00:07:59

Health: 0/61       AC:  6    Str: 32    XL:     6   Next: 60%
Magic:  5/5        EV: 10    Int:  4    God:
Gold:   105        SH:  0    Dex: 10    Spells: 5/5 levels left

rFire    . . .     SeeInvis .   i - +0 glaive
rCold    + . .     Faith    .   (shield currently unavailable)
rNeg     . . .     Spirit   .   a - +0 robe
rPois    .         Reflect  .   (helmet restricted)
rElec    .         Harm     .   (no cloak)
rCorr    .         Rampage  .   (gloves unavailable)
Will     .....                  (boots unavailable)
Stlth    +.........             r - amulet of magic regeneration
HPRegen  0.60/turn              d - +6 ring of strength
MPRegen  0.34/turn              j - ring of protection from cold

@: no status effects
A: large, unfitting armour, claws 3, regeneration 1, shaggy fur 1, tough skin 3
a: no special abilities


You were on level 4 of the Dungeon.
You visited 1 branch of the dungeon, and saw 4 of its levels.

You collected 105 gold pieces.

Inventory:

Hand Weapons
 h - a +3 spear of freezing
 i - a +0 glaive (weapon)
 v - a +0 shortbow
Missiles
 g - 43 bolts
 t - 33 arrows
 x - 14 poisoned darts (quivered)
Armour
 a - a +0 robe (worn)
 b - a +0 kite shield
Jewellery
 d - a +6 ring of strength (left claw)
 j - a ring of protection from cold (right claw)
 r - an amulet of magic regeneration (around neck)
Wands
 s - a wand of charming (3)
Scrolls
 k - a scroll of enchant weapon
 m - 2 scrolls of immolation {unknown}
 n - a scroll of fog {unknown}
 p - a scroll of teleportation {unknown}
 q - a scroll of fear {unknown}
Potions
 c - a potion of might
 e - a potion of lignification
 f - 3 potions of curing
 l - a potion of degeneration
 o - a potion of flight {unknown}
 u - a potion of attraction {unknown}
 w - a potion of invisibility {unknown}


   Skills:
 + Level 3.3 Fighting
 + Level 3.3 Polearms
 + Level 3.4 Dodging
 + Level 0.7 Stealth
 + Level 3.1 Shields
 - Level 2.6 Unarmed Combat


You had 5 spell levels left.
You didn't know any spells.
Your spell library was empty.

Dungeon Overview and Level Annotations

Branches:
Dungeon (4/15)
 Temple: D:4-7

Altars:
Dithmenos
Kikubaaqudgha
Qazlal
Wu Jian


Innate Abilities, Weirdness & Mutations

You are too large for most types of armour.
You have claws for hands.
Your natural rate of healing is unusually fast.
You are covered in fur. (AC +1)
You have extremely tough skin. (AC +3)


Message History

The phantom barely misses you. The quokka closely misses you.
The phantom hits you but does no damage.
Okay, then.
You slash the phantom!
The phantom is heavily damaged.
The quokka bites you but does no damage.
The phantom hits you but does no damage.
The quokka bites you but does no damage.
The phantom hits you but does no damage.
You closely miss the phantom.
The phantom is heavily damaged.
The quokka barely misses you. The phantom hits you. The quokka misses you.
You miss the phantom.
The phantom is heavily damaged.
The quokka bites you. The phantom hits you.
The quokka bites you but does no damage.
The phantom misses you.
You slash the phantom!
The phantom is severely damaged.
The quokka misses you. The phantom hits you!
* * * LOW HITPOINT WARNING * * *
The quokka bites you.
* * * LOW HITPOINT WARNING * * *
You barely miss the phantom.
The phantom is severely damaged.
The phantom barely misses you. The quokka completely misses you.
The phantom hits you but does no damage.
You slash the phantom!
The phantom is almost destroyed.
The quokka bites you but does no damage.
The quokka bites you.
* * * LOW HITPOINT WARNING * * *
The phantom hits you!
* * * LOW HITPOINT WARNING * * *
You closely miss the phantom.
The phantom is almost destroyed.
The quokka misses you. The phantom closely misses you.
The quokka bites you but does no damage.
The phantom hits you!
You die...

## ### ### ###### .# #.# #.#
#..#.# .########.## #.# #..#.#
...........# #.# #..#.#
..#######..###.# #..#.#
............##.###..#.####### #
..##...........r@WZ............
............#########.###.##.#.#
.....####...# #...........
........†...# ####W......#
..............# #≈≈......
............#.# ≈≈≈≈.....
................ ≈≈≈≈≈≈....
................. ##≈W≈≈.≈.≈.
.#.#.#.#...##.#### ##≈P≈≈.≈≈.


You could see a phantom, a quokka and a leopard gecko skeleton.

Vanquished Creatures
  An orc warrior (D:2)
  A centaur (D:3)
  A scorpion (D:4)
  A howler monkey (D:4)
  7 adders
  A shadow imp (D:4)
  2 oozes
  3 worms (D:2)
  2 dart slugs (D:2)
  3 leopard geckos
  3 orcs
  9 bats
  3 giant cockroaches
  4 goblins
  9 hobgoblins
  14 kobolds
  A quokka (D:3)
  A ball python (D:2)
  5 frilled lizards
  3 rats
74 creatures vanquished.

Vanquished Creatures (others)
  2 plants (D:4)
2 creatures vanquished.

Grand Total: 76 creatures vanquished

Notes
Turn   | Place    | Note
-------+----------+-------------------------------------------
     0 | D:1      | Aneyh the Troll Fighter began the quest for the Orb.
     0 | D:1      | Reached XP level 1. HP: 22/22 MP: 0/0
   139 | D:1      | Reached XP level 2. HP: 28/29 MP: 1/1
   967 | D:2      | Reached XP level 3. HP: 36/36 MP: 2/2
  1052 | D:2      | Noticed an orc warrior
  1183 | D:2      | Killed an orc warrior
  1184 | D:2      | Reached skill level 1 in Polearms
  1184 | D:2      | Reached XP level 4. HP: 44/44 MP: 3/3
  1184 | D:2      | Reached XP level 5. HP: 52/52 MP: 4/4
  2220 | D:3      | Found a shadowy altar of Dithmenos.
  2479 | D:3      | Found an ancient bone altar of Kikubaaqudgha.
  2555 | D:3      | Found a stormy altar of Qazlal.
  2658 | D:3      | Noticed a centaur
  2668 | D:3      | Killed a centaur
  2669 | D:3      | Reached XP level 6. HP: 55/61 MP: 5/5
  2730 | D:3      | Found an ornate altar of the Wu Jian Council.
  3223 | D:4      | Slain by a phantom

Illustrated notes

Levels and vault maps discovered:
D:1:      nicolae_arrival_somewhat_less_tricky_arrival, layout_basic,
          minmay_octomino_j4
D:2:      layout_loops_corners
D:3:      layout_loops_ring, old_standard_altar, grunt_qazlal_sundering,
          nzn_wu_jian_contemplation, nicolae_dithmenos_through_a_glass_darkly
D:4:      layout_basic, nicolae_tso_carved_into_rock, ebering_ghost_sewer_f,
          chequers_big_river, minmay_manual_maat

Skill      XL: |  1  2  3  4  5  6 |
---------------+-------------------+-----
Polearms       | 1 2 3 |  3.3
Dodging        | 3 |  3.4
Shields        | 3 |  3.1
Fighting       | 3 |  3.3
Stealth        | |  0.7
Unarmed Combat | |  2.6

Action                   |  1- 3 |  4- 6 || total
-------------------------+-------+-------++-------
Melee: Unarmed           |    38 |       ||    38
       Spear             |    58 |       ||    58
       Glaive            |       |   181 ||   181
  Use: Scroll            |     5 |     2 ||     7
       Potion            |     1 |       ||     1
 Stab: Sleeping          |     2 |     1 ||     3
Armor: Robe              |    44 |    92 ||   136
Dodge: Dodged            |    29 |   130 ||   159
Block: Kite shield       |    44 |       ||    44

Table legend: (Time is in decaauts)
 A = Elapsed time spent in this place.
 B = Non-inter-level travel time spent in this place.
 C = Inter-level travel time spent in this place.
 D = Time resting spent in this place.
 E = Time spent auto-exploring this place.
 F = Levels seen in this place.
 G = Mean time per level.
                   A        B        C        D        E       F      G
               +--------+--------+--------+--------+--------+-----+--------+
         Total |   3354 |   3229 |    125 |    101 |   2341 |   4 |  838.5 |
       Dungeon |   3354 |   3229 |    125 |    101 |   2341 |   4 |  838.5 |
               +--------+--------+--------+--------+--------+-----+--------+

Top non-repeatable levels by time:
     D:2: 1247 daAuts
     D:3: 956 daAuts
     D:1: 928 daAuts
     D:4: 222 daAuts
